 Dungeon Crawl Stone Soup version 0.22-a0-571-g4a923d4b9e (webtiles) character file.

5284 Lentor the Basher (level 10, -1/81 HPs)
             Began as a Minotaur Berserker on July 1, 2018.
             Was an Elder of Trog.
             Slain by a vampire
             ... wielding a +0 great mace
              (5 damage)
             ... on level 8 of the Dungeon.
             The game lasted 00:15:24 (6916 turns).

Lentor the Basher (Minotaur Berserker)              Turns: 6916, Time: 00:15:25

Health: -1/81      AC: 18    Str: 22    XL:     10   Next: 37%
Magic:  9/9        EV: 15    Int:  4    God:    Trog [****..]
Gold:   133        SH:  0    Dex: 15    Spells: 9/9 levels left

rFire    . . .     SeeInvis .   B - +2 whip (venom)
rCold    + . .     Gourm    .   (no shield)
rNeg     + . .     Faith    .   i - quicksilver dragon scales
rPois    +         Spirit   .   (helmet restricted)
rElec    .         Reflect  .   q - +2 cloak {+Inv}
rCorr    .         Harm     .   h - +1 pair of gloves
MR       +....                  (no boots)
Stlth    +.........             j - amulet of regeneration
HPRegen  0.63/turn              e - ring of poison resistance
MPRegen  0.11/turn              n - ring of positive energy

@: no status effects
A: retaliatory headbutt, fangs 1, horns 2, agile 1, cold resistance 1, frail 1,
wild magic 1
a: Berserk, Trog's Hand, Brothers in Arms, Renounce Religion, Evoke Invisibility


You were on level 8 of the Dungeon.
You worshipped Trog.
Trog was greatly pleased with you.
You were not hungry.

You visited 2 branches of the dungeon, and saw 9 of its levels.

You collected 341 gold pieces.
You spent 208 gold pieces at shops.

Inventory:

Hand Weapons
 B - a +2 whip of venom (weapon)
Armour
 h - a +1 pair of gloves (worn)
 i - quicksilver dragon scales (worn)
 q - a +2 cloak of invisibility (worn)
Jewellery
 e - a ring of poison resistance (left hand)
 j - an amulet of regeneration (around neck)
 n - a ring of positive energy (right hand)
 s - a +3 ring of protection {unknown}
Wands
 u - a wand of iceblast (12)
Scrolls
 d - 3 scrolls of teleportation
 f - 3 scrolls of enchant armour
 k - a scroll of remove curse
 l - a scroll of enchant weapon
 y - a scroll of fear
Potions
 a - a potion of curing {unknown}
 b - a potion of agility
 g - 5 potions of heal wounds
 m - 3 potions of invisibility
 p - a potion of brilliance
 r - a potion of resistance {unknown}
 v - 2 potions of might {unknown}
 w - a potion of lignification {unknown}
 x - a potion of haste {unknown}
 z - a potion of flight {unknown}
Comestibles
 c - 16 rations


   Skills:
 + Level 9.0 Fighting
 + Level 12.6 Maces & Flails
 + Level 8.6 Armour
 + Level 6.6 Dodging
 + Level 1.5 Stealth


You had 9 spell levels left.
You didn't know any spells.
Your spell library was empty.

Dungeon Overview and Level Annotations

Branches:
Dungeon (8/15)             Temple (1/1) D:7
   Lair: D:8-11

Altars:
Ashenzari
Cheibriados
Dithmenos
Elyvilon
Fedhas
Gozag
Hepliaklqana
Kikubaaqudgha
Makhleb
Nemelex Xobeh
Okawaru
Qazlal
Sif Muna
Trog
Uskayaw
Vehumet
Wu Jian
Xom
Yredelemnul
Zin
The Shining One

Shops:
D:4 (   D:7 [!


Innate Abilities, Weirdness & Mutations

You reflexively headbutt those who attack you in melee.
You have a pair of horns on your head.
You have very sharp teeth.
You are agile. (Dex +2)
Your flesh is cold resistant. (rC+)
You are frail. (-10% HP)
Your spells are a little harder to cast, but a little more powerful.


Message History

Something draws strength from your injuries!
You closely miss something. You barely miss something. You headbutt something.
You bite something. You hit something. You headbutt something.
Something hits you but does no damage. Something bites you but does no damage.
You miss something. You closely miss something. You headbutt something.
Something hits you!
* * * LOW HITPOINT WARNING * * *
Something barely misses you.
You completely miss something. You headbutt something.
You barely miss something. You barely miss something.
Unholy energy fills the air.
* * * LOW HITPOINT WARNING * * *
All of the chunks of flesh in your inventory have rotted away.
You hit something but do no damage. You bite something. You hit something.
Your headbutt misses something. Your bite misses something. Something hits you!
* * * LOW HITPOINT WARNING * * *
Something bites you.
You die...

########
#.......
#.######
###########.#
#.
#...........#
##(
#.###########
#.. #.# #..
#.# #.. #@#
#.# #.# #.#
#)# ##.#
#).......
#...
#..######
#..# #...
##... #....
##.... #.....
#.....
#......
##.....


There were no monsters in sight!

Vanquished Creatures
  A two-headed ogre (D:8)
  A troll (D:7)
  2 hippogriffs (D:8)
  2 wyverns
  4 hogs (D:7)
  A human (D:7)
  A hungry ghost (D:7)
  3 orc warriors
  3 ice beasts
  2 phantoms
  A hornet zombie (D:6)
  5 ogres
  2 centaurs
  A water moccasin zombie (D:8)
  3 wights (D:7)
  4 crimson imps
  A centaur zombie (D:5)
  2 hounds
  A jelly (D:6)
  7 orc wizards
  9 orc priests
  A gnoll shaman (D:5)
  Crazy Yiuf (D:3)
  A centaur skeleton (D:3)
  2 iguanas
  7 worker ants
  11 gnolls
  A worker ant zombie (D:6)
  11 adders
  An adder zombie (D:5)
  6 worms
  6 leopard geckos
  36 orcs
  7 bats
  7 giant cockroaches
  8 goblins
  8 hobgoblins
  2 jackals (D:2)
  2 quokkas
  2 ball pythons
  6 frilled lizards
  A jackal zombie (D:6)
  3 kobolds
  A leopard gecko skeleton (D:6)
  A quokka skeleton (D:5)
  6 rats (D:1)
194 creatures vanquished.

Notes
Turn   | Place    | Note
-------+----------+-------------------------------------------
     0 | D:1      | Lentor the Minotaur Berserker began the quest for the Orb.
     0 | D:1      | Reached XP level 1. HP: 19/19 MP: 0/0
   108 | D:1      | Reached XP level 2. HP: 27/27 MP: 1/1
   129 | D:1      | Reached skill level 4 in Maces & Flails
   684 | D:2      | Reached XP level 3. HP: 33/33 MP: 2/2
   770 | D:2      | Reached ** piety under Trog
  1102 | D:2      | Reached XP level 4. HP: 23/41 MP: 3/3
  1255 | D:2      | Reached skill level 5 in Maces & Flails
  1657 | D:3      | Found an ornate altar of the Wu Jian Council.
  1657 | D:3      | Found an iron altar of Okawaru.
  1657 | D:3      | Found a bloodstained altar of Trog.
  1658 | D:3      | Found a stormy altar of Qazlal.
  1731 | D:3      | Found a shimmering altar of Xom.
  1747 | D:3      | Reached XP level 5. HP: 41/47 MP: 4/4
  2185 | D:3      | Found a runed door.
  2446 | D:3      | Noticed Crazy Yiuf
  2451 | D:3      | Killed Crazy Yiuf
  2524 | D:4      | Found Tonirope's Weapon Shoppe.
  2553 | D:4      | Reached skill level 5 in Fighting
  2557 | D:4      | Reached skill level 6 in Maces & Flails
  2567 | D:4      | Noticed an ogre
  2574 | D:4      | Killed an ogre
  2574 | D:4      | Reached XP level 6. HP: 25/56 MP: 5/5
  2783 | D:4      | You fall through a shaft for 2 floors!
  2801 | D:6      | Noticed an ice beast
  2807 | D:6      | Killed an ice beast
  2807 | D:6      | Reached skill level 7 in Maces & Flails
  2807 | D:6      | Reached XP level 7. HP: 61/61 MP: 6/6
  2824 | D:6      | Found a deep blue altar of Sif Muna.
  2824 | D:6      | Noticed a wyvern
  2832 | D:6      | Killed a wyvern
  2837 | D:6      | Reached skill level 5 in Armour
  2896 | D:6      | Reached skill level 8 in Maces & Flails
  2935 | D:6      | Reached skill level 1 in Stealth
  2953 | D:5      | Entered Level 5 of the Dungeon
  2987 | D:5      | Reached XP level 8. HP: 70/70 MP: 7/7
  3012 | D:5      | Reached *** piety under Trog
  3220 | D:5      | Reached skill level 9 in Maces & Flails
  4524 | D:6      | Reached skill level 10 in Maces & Flails
  4524 | D:6      | Reached skill level 5 in Dodging
  4687 | D:6      | You fall through a shaft for 2 floors!
  4687 | D:8      | Noticed a two-headed ogre
  4694 | D:8      | Killed a two-headed ogre
  4694 | D:8      | Reached XP level 9. HP: 80/80 MP: 8/8
  4801 | D:8      | Reached skill level 11 in Maces & Flails
  5060 | D:7      | Found Ekhlaj's Distillery.
  5063 | D:7      | Bought a potion of mutation for 104 gold pieces
  5063 | D:7      | Bought a potion of mutation for 104 gold pieces
  5063 | D:7      | Gained mutation: Your flesh is cold resistant. (rC+) [potion of mutation]
  5063 | D:7      | Gained mutation: You are agile. (Dex +2) [potion of mutation]
  5063 | D:7      | Gained mutation: You have very sharp teeth. [potion of mutation]
  5064 | D:7      | Gained mutation: You are frail. (-10% HP) [potion of mutation]
  5064 | D:7      | Gained mutation: Your spells are a little harder to cast, but a little more powerful. [potion of mutation]
  5099 | D:7      | Reached **** piety under Trog
  5311 | D:7      | Noticed a troll
  5318 | D:7      | Killed a troll
  5456 | D:7      | Found a staircase to the Ecumenical Temple.
  5461 | Temple   | Entered the Ecumenical Temple
  5724 | D:7      | Reached skill level 12 in Maces & Flails
  5739 | D:7      | Reached XP level 10. HP: 69/81 MP: 9/9
  5927 | D:7      | Found Sewiu's Armour Shoppe.
  6916 | D:8      | HP: 4/81 [something (12)]
  6916 | D:8      | Slain by a vampire

Vault maps used:
D:1:      lightli_arrival_quake, minmay_misc_feat_diagonals
D:2:      first_ration, minmay_circled_x
D:3:      chequers_temple_overflow_statue_of_worship, xom_teletrap_fun,
          uniq_crazy_yiuf_cottage
D:4:      cheibrodos_pilgrimage, serial_shops, nicolae_shop_stone
D:6:      lemuel_round_altar
D:7:      minmay_temple_entry_nine_rooms, serial_shops, kennysheep_mini_moat,
          shop, grunt_livestock
D:8:      kennysheep_spiral_hall, kennysheep_generic_room_10
Temple:   eino_temple_rhombus

Skill      XL: |  1  2  3  4  5  6  7  8  9 10 |
---------------+-------------------------------+-----
Fighting       | 4 5 6 7 8 9 |  9.0
Maces & Flails | 4 5 6 7 8 10 12 | 12.6
Dodging        | 3 5 6 |  6.6
Armour         | 3 4 5 6 8 |  8.6
Stealth        | 1 |  1.5

Action                   |  1- 3 |  4- 6 |  7- 9 | 10-12 || total
-------------------------+-------+-------+-------+-------++-------
Melee: Mace              |    72 |    90 |   217 |       ||   379
       Headbutt          |     7 |    19 |    78 |    46 ||   150
       Whip              |       |       |    70 |   138 ||   208
       Bite              |       |       |     6 |    30 ||    36
Invok: Berserk           |       |     1 |     5 |       ||     6
  Use: Scroll            |       |     8 |     6 |       ||    14
       Potion            |       |       |     2 |       ||     2
  Eat: Chunk             |       |     7 |     9 |     5 ||    21
       Ration            |       |       |     1 |       ||     1
Armor: Animal skin       |     9 |       |       |       ||     9
       Ring mail         |     2 |    27 |    38 |       ||    67
       Quicksilver drago |       |       |    46 |    47 ||    93
Dodge: Dodged            |    57 |    54 |   152 |    60 ||   323

Table legend:
 A = Spawn XP
 B = Non-spawn XP
 C = Spawn XP percentage of total XP
 D = Spawn monster count
 E = Non-spawn monster count
 F = Spawn count percentage of total count
 G = Total turns spent on level
                    A         B        C        D         E        F      G
               +---------+---------+-------+---------+---------+-------+---------
         Total |       0 |    7549 |   0.0 |       0 |     194 |   0.0 |  6916
               +---------+---------+-------+---------+---------+-------+---------
           D:1 |       0 |      40 |   0.0 |       0 |      24 |   0.0 |   650
           D:2 |       0 |      92 |   0.0 |       0 |      23 |   0.0 |  1173
           D:3 |       0 |     149 |   0.0 |       0 |      13 |   0.0 |   691
           D:4 |       0 |     642 |   0.0 |       0 |      22 |   0.0 |   701
           D:5 |       0 |     578 |   0.0 |       0 |      25 |   0.0 |   756
           D:6 |       0 |    1107 |   0.0 |       0 |      21 |   0.0 |   830
           D:7 |       0 |    2760 |   0.0 |       0 |      46 |   0.0 |  1431
           D:8 |       0 |    2181 |   0.0 |       0 |      20 |   0.0 |   537
               +---------+---------+-------+---------+---------+-------+---------
